 Dungeon Crawl Stone Soup version 0.20-a0-264-gaba7314 (webtiles) character file.

462 sinon the Chopper (level 6, 0/48 HPs)
             Began as a Centaur Gladiator on Dec 5, 2016.
             Killed by divine providence
             ... invoked by an orc priest
              (13 damage)
             ... on level 6 of the Dungeon.
             The game lasted 00:13:00 (3489 turns).

sinon the Chopper (Centaur Gladiator)               Turns: 3489, Time: 00:13:01

Health: 0/48       AC: 10    Str: 18 (21) XL:     6   Next: 79%
Magic:  6/6        EV:  4    Int:  5 (7)  God:
Gold:   160        SH:  0    Dex:  9 (11) Spells: 5/5 levels left

rFire  . . .     SeeInvis .     a - +0 war axe
rCold  . . .     Gourm    .     p - +0 plate armour
rNeg   . . .     Faith    .     (no shield)
rPois  .         Spirit   .     c - +0 helmet
rElec  .         Reflect  .     (no cloak)
rCorr  .         Harm     .     (no gloves)
MR     .....                    (no barding)
Stlth  ..........               (no amulet)
                                (no ring)
                                u - +3 ring of strength

@: very quick
A: hooves 3, deformed body, speed 2, tough skin 3
a: no special abilities


You were on level 6 of the Dungeon.
You were not hungry.

You visited 1 branch of the dungeon, and saw 6 of its levels.

You collected 160 gold pieces.

Inventory:

Hand Weapons
 a - a +0 war axe (weapon)
 B - a +0 shortbow
Missiles
 d - 4 throwing nets
 e - 51 stones (quivered)
 h - 96 arrows
Armour
 b - a +0 leather armour
 c - a +0 helmet (worn)
 p - a +0 plate armour (worn)
Jewellery
 u - a +3 ring of strength (left hand)
Wands
 o - a wand of acid (3/15)
 y - a wand of random effects (17/48)
Scrolls
 i - a scroll of magic mapping {unknown}
 l - a scroll of enchant weapon {unknown}
 m - 2 scrolls of recharging {unknown}
 r - a scroll of fear {unknown}
 t - 2 scrolls of teleportation {unknown}
 v - 2 scrolls of immolation {unknown}
 w - a scroll of identify {unknown}
 x - 4 scrolls of remove curse {unknown}
Potions
 g - a potion of degeneration
 j - a potion of berserk rage {unknown}
 k - a potion of invisibility {unknown}
 q - a potion of ambrosia {unknown}
 s - a potion of heal wounds {unknown}
Books
 z - a book of Misfortune

   Spells                             Type                      Level
   a - Confusing Touch                Hexes                        1
   b - Confuse                        Hexes                        3
   c - Gell's Gravitas                Hexes/Translocation          3
   d - Petrify                        Transmutation/Earth          4
   e - Metabolic Englaciation         Hexes/Ice                    5
   f - Yara's Violent Unravelling     Hexes/Transmutation          5
Comestibles
 f - 5 bread rations
 n - a slice of pizza
 A - a beef jerky
 C - a meat ration


   Skills:
 - Level 2.0 Fighting
 + Level 5.5 Axes
 - Level 2.1 Throwing
 + Level 3.4 Armour
 - Level 2.1 Dodging


You had 5 spell levels left.
You didn't know any spells.

Dungeon Overview and Level Annotations

Branches:
Dungeon (6/15)
 Temple: D:4-7

Altars:
Ashenzari
Hepliaklqana
Nemelex Xobeh
Sif Muna
Vehumet
Zin


Innate Abilities, Weirdness & Mutations

You have hooves in place of feet.
Armour fits poorly on your strangely shaped body.
You cover ground very quickly.
You have extremely tough skin. (AC +3)


Message History

There is a stone staircase leading up here.
An orc priest comes into view. It is wielding a hand axe.
The orc priest shouts!
Found a scroll labeled XILU WELOWEI.
An orc comes into view. It is wielding a whip.
There is a stone staircase leading up here.
Throwing (i - inventory. (,) - cycle):
e - 52 stones (quivered)
Press: ? - help, Shift-Dir - straight line, f - orc
Aim: an orc, wearing a ring mail You throw a stone.
The stone closely misses the orc.
The stone completely misses the orc.
The orc priest mumbles some strange prayers to Beogh against you.
Beogh smites you!
* * * LOW HITPOINT WARNING * * *
It was a potion of degeneration.
There was something very wrong with that liquid.
You feel weakened.
You feel dopey.
You feel clumsy.
The orc priest calls down the wrath of Beogh upon you.
Beogh smites you!
You die...

#. .# .##
.. .# ..
.####.#..#
.(...#.?#
..o....#..
.o.......
#........
#o## #.@#
####


You could see an orc priest and 2 orcs.

Vanquished Creatures
  A centaur (D:5)
  2 scorpions
  A howler monkey (D:4)
  A crimson imp (D:5)
  An orc priest (D:4)
  A centaur skeleton (D:4)
  An iguana (D:5)
  A hound skeleton (D:4)
  4 adders
  A worm (D:3)
  3 dart slugs
  7 leopard geckos
  5 orcs
  7 bats
  A giant cockroach (D:2)
  4 goblins
  4 hobgoblins
  4 jackals (D:1)
  4 kobolds
  2 quokkas
  2 ball pythons
  10 frilled lizards
  6 rats
73 creatures vanquished.

Notes
Turn   | Place    | Note
-------+----------+-------------------------------------------
     0 | D:1      | sinon the Centaur Gladiator began the quest for the Orb.
     0 | D:1      | Reached XP level 1. HP: 17/17 MP: 1/1
    89 | D:1      | Reached skill level 3 in Axes
   318 | D:1      | Reached XP level 2. HP: 24/24 MP: 2/2
   373 | D:1      | Found a sparkling altar of Nemelex Xobeh.
  1106 | D:1      | Reached XP level 3. HP: 29/29 MP: 3/3
  1530 | D:2      | Reached skill level 4 in Axes
  1690 | D:2      | Reached skill level 1 in Armour
  1788 | D:2      | Reached XP level 4. HP: 35/36 MP: 4/4
  2202 | D:3      | Found a shattered altar of Ashenzari.
  2233 | D:4      | Found a glowing silver altar of Zin.
  2243 | D:4      | Reached XP level 5. HP: 30/41 MP: 5/5
  2364 | D:4      | Found a hazy altar of Hepliaklqana.
  2502 | D:4      | Found a deep blue altar of Sif Muna.
  2525 | D:4      | Found a radiant altar of Vehumet.
  3089 | D:4      | Reached skill level 5 in Axes
  3089 | D:4      | Reached XP level 6. HP: 45/48 MP: 6/6
  3135 | D:5      | Entered Level 5 of the Dungeon
  3404 | D:5      | Noticed a slave
  3404 | D:5      | Noticed a slave
  3489 | D:6      | Killed from afar by an orc priest

Vault maps used:
D:1:      dpeg_arrival_brainrot, nemelex_diamond_rough_becter
D:3:      nicolae_overflow_hidden_temple
D:4:      lemuel_round_altar, old_standard_altar, lemuel_doored_altar,
          kennysheep_mini, first_bread
D:5:      grunt_decor_mini_mirrors, minmay_lizard_king, uniq_grinder, uniq_pikel
D:6:      overflow_temple_1_default

Skill      XL: |  1  2  3  4  5  6 |
---------------+-------------------+-----
Axes           | 3 4 5 |  5.5
Armour         | 1 2 3 |  3.4
Fighting       | |  2.0
Throwing       | |  2.1
Dodging        | |  2.1

Action                   |  1- 3 |  4- 6 || total
-------------------------+-------+-------++-------
Melee: War axe           |   139 |   142 ||   281
       Kick              |    27 |    30 ||    57
Throw: Stone             |    13 |    17 ||    30
  Use: Potion            |       |     1 ||     1
  Eat: Chunk             |     2 |     5 ||     7
Armor: Leather armour    |    26 |       ||    26
       Plate armour      |    77 |   112 ||   189
Dodge: Dodged            |    47 |    29 ||    76
